 Dungeon Crawl Stone Soup version 0.29.1-4-g47bece8355 (webtiles) character file.

Game seed: 4249658865880624016

5478 concernfroge the Basher (level 10, -2/85 HPs)
             Began as a Mummy Monk on Dec 4, 2022.
             Was an Initiate of Gozag.
             Slain by Maurice
             ... wielding a +6 battleaxe
              (15 damage)
             ... on level 9 of the Dungeon.
             The game lasted 00:26:21 (11788 turns).

concernfroge the Basher (Mummy Monk)               Turns: 11788, Time: 00:26:22

Health: -2/85      AC: 14    Str: 18    XL:     10   Next: 42%
Magic:  3/3        EV:  8    Int:  9    God:    Gozag
Gold:   0          SH:  0    Dex: 16    Spells: 9/9 levels left

rFire   . . .      SeeInvis .   e - +5 morningstar (antimagic)
rCold   + . .      Faith    .   (no shield)
rNeg    + + +      Spirit   .   f - +1 chain mail
rPois   ∞          Reflect  .   c - +2 helmet
rElec   .          Harm     .   j - +0 cloak {Stlth+}
rCorr   .          Rampage  .   m - +0 pair of gloves
Will    +....                   (no boots)
Stlth   ..........              (no amulet)
HPRegen 0.24/turn               k - ring of protection from fire
MPRegen 0.08/turn               (no ring)

@: no status effects
A: cold resistance 1, negative energy resistance 3, torment resistance 2, heat
vulnerability 1, in touch with death 1, no potions
a: Renounce Religion, Potion Petition, Call Merchant, Bribe Branch


You were on level 9 of the Dungeon.
You worshipped Gozag.
Gozag was noncommittal.
You visited 2 branches of the dungeon, and saw 11 of its levels.
You also visited: Sewer.

You collected 518 gold pieces.
You paid 518 gold pieces to Gozag.

Inventory:

Hand Weapons
 e - a +5 antimagic morningstar (weapon)
 h - a +0 scythe
Missiles
 b - 3 boomerangs of dispersal (quivered)
 o - a curare-tipped dart
 p - 24 poisoned darts
 r - 8 boomerangs
 t - 2 throwing nets
Armour
 c - a +2 helmet (worn)
 f - a +1 chain mail (worn)
 j - a +0 cloak of stealth (worn)
 m - a +0 pair of gloves (worn)
 n - a +0 leather armour of fire resistance
Jewellery
 k - a ring of protection from fire (left hand)
Wands
 i - a wand of paralysis (2)
 l - a wand of flame (9)
 w - a wand of roots (1)
Scrolls
 a - a scroll of summoning
 d - 3 scrolls of teleportation
 g - a scroll of identify
 q - 3 scrolls of poison


   Skills:
 - Level 10.0 Fighting
 + Level 10.5 Maces & Flails
 - Level 2.4 Polearms
 - Level 2.4 Dodging
 - Level 1.5 Stealth


You had 9 spell levels left.
You didn't know any spells.
Your spell library contained the following spells:

 Spells                   Type           Power      Damage    Failure   Level
 Apportation              Tloc           0%         N/A       100%        1
 Necrotise                Necr           0%         1d4       100%        1
 Slow                     Hex            0%         N/A       100%        1
 Summon Small Mammal      Summ           0%         N/A       100%        1
 Poisonous Vapours        Pois/Air       0%         N/A       100%        2
 Confusing Touch          Hex            0%         N/A       100%        3
 Vampiric Draining        Necr           0%         2d6       100%        3
 Corpse Rot               Necr/Pois/Air  Unusable   N/A       N/A         4

Dungeon Overview and Level Annotations

Branches:
Dungeon (10/15)            Temple (1/1) D:4           Sewer (visited)
   Lair: D:8-11         Orc: D:9-12

Altars:
Ashenzari
Cheibriados
Dithmenos
Fedhas
Gozag
Hepliaklqana
Kikubaaqudgha
Makhleb
Nemelex Xobeh
Okawaru
Qazlal
Ru
Sif Muna
Uskayaw
Vehumet
Wu Jian
Xom
Yredelemnul

Shops:
D:6 (

Annotations:
D:9 Maurice


Innate Abilities, Weirdness & Mutations

You are immune to poison.
Your flesh is cold resistant. (rC+)
You are immune to negative energy. (rN+++)
You are immune to unholy pain and torment.
You are vulnerable to heat. (rF-)
You are in touch with the powers of death.
You do not drink.


Message History

You escape the roots grasp.
Maurice shoots a bolt.
The bolt hits you but does no damage.
Found a sharpened wooden wand.
Maurice shoots a bolt.
The bolt barely misses you.
Maurice mumbles some strange words.
Maurice flickers and vanishes!
Deactivating autopickup; reactivate with Ctrl-A.
You bludgeon something!! You puncture something! Something hits you!!
Something steals 2 of your 3 scrolls of summoning!
You barely miss something.
You hear a zap.
The roots erupt in riotous growth!
The grasping roots grab you!
You are constricted.
You closely miss something. Something hits you!!
* * * LOW HITPOINT WARNING * * *
Something steals your ring of ice!
You are constricted.
* * * LOW HITPOINT WARNING * * *
[a] - 224 gold - heal wounds and curing [b] - 616 gold - invisibility, might and haste [c] - 135 gold - heal wounds Purchase which effect?
You no longer have enough gold to petition Gozag for potion effects.
You feel much better.
You feel better.
You are constricted.
The grasping roots release their grip on you.
Okay, then.
As you read the scroll of fog, it crumbles to dust.
The scroll dissolves into smoke.
Something hits you.
Something steals 197 gold pieces!
You now have 106 gold pieces.
Aiming: Fastroot
Press: ? - help, Shift-Dir - straight line The roots erupt in riotous growth!
Something hits you.
Something steals 106 gold pieces!
You now have 0 gold pieces.
You puncture something! Something hits you!
* * * LOW HITPOINT WARNING * * *
Something groans, "What are you, a monk?"
You closely miss something. Something hits you!
You die...
Your body crumbles into a pile of gold.

#######################...#######
.................................
.................................
#################................
#...)............
#...>.).......... #######
########§§...).......... .......
.....§§§§§.............. .......
./.$.§{@§§.............. #######
############...######### #...#
###### ######...######### ......
.................. ......
..........(....... ...###
#######.########## ##.# #.# .#
#.#


There were no monsters in sight!

Vanquished Creatures
  2 hornets
  Grinder (D:6)
  Sigmund (D:5)
  A wyvern (D:9)
  Eustachio (D:5)
  5 yaks (D:9)
  3 ice beasts
  2 orc warriors
  2 water moccasins (D:7)
  5 sky beasts
  2 black bears
  2 centaurs
  6 kobold brigands
  2 bullfrogs
  2 gnoll sergeants
  2 scorpions (D:6)
  3 wights (D:9)
  6 killer bees (D:7)
  2 howler monkeys
  4 orc priests
  A hound (D:6)
  3 jellies
  A gnoll bouda (D:7)
  3 iguanas
  Natasha (D:3)
  6 orc wizards
  11 gnolls
  11 adders
  A river rat (Sewer)
  A shadow imp (D:7)
  3 white imps
  8 worms
  2 dart slugs
  29 orcs
  9 ball pythons
  14 endoplasms
  3 giant cockroaches
  5 goblins
  8 hobgoblins
  6 jackals
  21 kobolds
  8 bats
  A frilled lizard (D:1)
  8 rats
218 creatures vanquished.

Vanquished Creatures (others)
  7 plants (D:2)
7 creatures vanquished.

Grand Total: 225 creatures vanquished

Notes
Turn   | Place    | Note
-------+----------+-------------------------------------------
     0 | D:1      | concernfroge the Mummy Monk began the quest for the Orb.
     0 | D:1      | Reached XP level 1. HP: 18/18 MP: 1/1
   205 | D:1      | Found a faded altar of an unknown god.
   216 | D:1      | Reached XP level 2. HP: 22/24 MP: 2/2
   869 | D:2      | Gained mutation: You are in touch with the powers of death.
                  | [Mummy growth]
   869 | D:2      | Reached XP level 3. HP: 28/30 MP: 3/3
  1644 | D:3      | Reached skill level 5 in Fighting
  1644 | D:3      | Reached XP level 4. HP: 34/39 MP: 4/4
  2387 | D:4      | Found a staircase to the Ecumenical Temple.
  2405 | Temple   | Entered the Ecumenical Temple
  2492 | Temple   | Became a worshipper of Gozag Ym Sagoz the Greedy
  2863 | D:4      | Reached XP level 5. HP: 39/46 MP: 5/5
  3410 | D:3      | Reached XP level 6. HP: 4/53 MP: 0/6
  3791 | D:3      | Noticed Natasha
  3800 | D:3      | Killed Natasha
  4135 | D:5      | Entered Level 5 of the Dungeon
  4236 | D:5      | Noticed an ice beast
  4247 | D:5      | Killed an ice beast
  4469 | D:5      | Found a shimmering blue altar of Sif Muna.
  4604 | D:5      | Noticed Sigmund
  4615 | D:5      | Killed Sigmund
  4616 | D:5      | Reached XP level 7. HP: 63/63 MP: 2/7
  5171 | D:5      | Noticed Eustachio
  5203 | D:5      | Killed Eustachio
  5204 | D:5      | Reached skill level 10 in Fighting
  5204 | D:5      | Reached XP level 8. HP: 33/72 MP: 2/8
  6024 | D:6      | Reached skill level 1 in Maces & Flails
  6035 | D:6      | Found a glowing drain.
  6052 | Sewer    | Entered a sewer
  7078 | D:6      | Found a radiant altar of Vehumet.
  7181 | D:6      | Found Gesch's Antique Weapon Emporium.
  7281 | D:6      | Reached skill level 5 in Maces & Flails
  7456 | D:6      | Found a burning altar of Makhleb.
  7595 | D:6      | Noticed Grinder
  7607 | D:6      | Killed Grinder
  7608 | D:6      | Reached XP level 9. HP: 69/78 MP: 3/9
  8337 | D:7      | Found an ornate altar of the Wu Jian Council.
  8798 | D:7      | Found a hide-covered altar of Uskayaw.
 10331 | D:8      | Found a stormy altar of Qazlal.
 10604 | D:9      | Reached XP level 10. HP: 76/85 MP: 3/10
 11140 | D:9      | Noticed Maurice
 11188 | D:9      | Reached skill level 10 in Maces & Flails
 11193 | D:9      | HP: 4/85 [something (4)]
 11205 | D:10     | Entered Level 10 of the Dungeon
 11788 | D:9      | Slain by Maurice

Illustrated notes

Levels and vault maps discovered:
D:1:      saegor_arrival_simple_c, layout_basic,
          hellmonk_ecumenical_altar_dog_temple
D:2:      layout_loops_corners, basic_altar, serial_forest,
          infiniplex_forest_corner_1, infiniplex_forest_clump_long,
          infiniplex_forest_clump_curved, infiniplex_forest_straight_1,
          infiniplex_forest_lined_corner, infiniplex_forest_diagonal,
          infiniplex_forest_clump_long, infiniplex_forest_straight_5
D:3:      layout_basic, minmay_misc_feat_hallway, uniq_natasha
D:4:      layout_basic, minmay_temple_entry_offerings
D:5:      layout_basic, mainiacjoe_overflow_boulevard, uniq_eustachio,
          uniq_sigmund
D:6:      layout_cave_pools, vehumet_altar_wand_db,
          nicolae_overflow_hidden_temple, cheibrodos_sewer_entry_drain,
          serial_shops, nicolae_shop_temple_entry_statues_fountains,
          chequers_jeans, uniq_grinder
D:7:      layout_basic, mainiacjoe_overflow_brackets, nicolae_uskayaw_suspiria
D:8:      layout_cave_pools, mainiacjoe_overflow_catwalk, serial_column_ruins,
          column_ruins_circle_medium, column_ruins_open_small,
          column_ruins_grid_3, column_ruins_columns_corner, column_ruins_grid_4
D:9:      layout_long_grid, uniq_maurice
D:10:     layout_rooms, gammafunk_temple_overflow_pools, erik_lair_dragon,
          hellmonk_ghost_happy_afterlife, hangedman_abyss_or_decor_stagger,
          uniq_gastronok, uniq_fannar
Temple:   nicolae_temple_great_sept

Skill      XL: |  1  2  3  4  5  6  7  8  9 10 |
---------------+-------------------------------+-----
Fighting       | 4 5 6 8 10 | 10.0
Maces & Flails | 6 9 10 | 10.5
Polearms       | |  2.4
Dodging        | |  2.4
Stealth        | |  1.5

Action                   |  1- 3 |  4- 6 |  7- 9 | 10-12 || total
-------------------------+-------+-------+-------+-------++-------
Melee: Spear             |   211 |    18 |       |       ||   229
       Punch             |     2 |     1 |     2 |     1 ||     6
       Quarterstaff      |       |   112 |       |       ||   112
       Morningstar       |       |    41 |   455 |    63 ||   559
Throw: Dart              |       |       |    12 |     5 ||    17
       Boomerang         |       |       |       |     1 ||     1
Invok: Potion Petition   |       |       |     1 |     1 ||     2
Evoke: Wand              |       |     6 |     2 |    10 ||    18
  Use: Scroll            |     1 |     3 |    10 |     6 ||    20
 Stab: Sleeping          |     3 |     4 |       |       ||     7
       Distracted        |       |     1 |     2 |     2 ||     5
       Paralysed         |       |    11 |     2 |     7 ||    20
Armor: Robe              |    52 |    14 |       |       ||    66
       Leather armour    |       |    45 |       |       ||    45
       Chain mail        |       |    43 |   341 |    27 ||   411
Dodge: Dodged            |    85 |   109 |   211 |    17 ||   422
